 Dungeon Crawl Stone Soup version 0.29.1-15-g9cfb28693d (webtiles) character file.

Game seed: 17921146967471518723

70425 safid the Gelid (level 15, -3/124 (126) HPs)
             Began as a Merfolk Ice Elementalist on Mar 17, 2023.
             Was a High Priest of Vehumet.
             Slain by Saint Roka
             ... wielding a +3 vorpal glaive
              (8 damage)
             ... on level 2 of the Orcish Mines on Mar 20, 2023.
             The game lasted 01:01:21 (19034 turns).

safid the Gelid (Merfolk Ice Elementalist)         Turns: 19034, Time: 01:01:22

HP:   -3/124 (126)  AC: 15    Str: 17    XL:     15   Next: 33%
MP:   8/31          EV: 13    Int: 21    God:    Vehumet [*****.]
Gold: 1325          SH:  0    Dex: 14    Spells: 15/38 levels left

rFire   . . .      SeeInvis .   n - +7 staff of the Meek {protect, meekguard}
rCold   . . .      Faith    .   (shield currently unavailable)
rNeg    . . .      Spirit   .   F - +1 robe "Zepn" {Regen+ Str+4}
rPois   +          Reflect  .   G - +1 hat
rElec   .          Harm     .   K - +2 cloak {rPois}
rCorr   +          Rampage  .   P - +2 pair of gloves {Str+3}
Will    +....                   E - +0 pair of boots
Stlth   ++........              e - amulet of regeneration
HPRegen 1.90/turn               g - +4 ring of protection
MPRegen 0.22/turn               q - ring of resist corrosion

@: lightly drained, invisible
A: (nimble swimmer 2), mertail
a: Renounce Religion


You were on level 2 of the Orcish Mines.
You worshipped Vehumet.
Vehumet was extremely pleased with you.
You visited 4 branches of the dungeon, and saw 18 of its levels.
You also visited: Bailey.

You collected 1663 gold pieces.
You spent 338 gold pieces at shops.

Inventory:

Hand Weapons
 n - the +7 staff of the Meek (weapon) {protect, meekguard}
   (You took it off a goblin on level 2 of the Dungeon)

   It grants its wielder temporary protection when it strikes (+7 to AC).
   It provides extra protection to wielders with little health.
Missiles
 m - 23 curare-tipped darts
 D - 2 throwing nets
Armour
 E - a +0 pair of boots (worn)
 F - the +1 robe "Zepn" (worn) {Regen+ Str+4}
   (You bought it in a shop on level 5 of the Dungeon)

   Str:       It affects your strength (+4).
   Regen:     It increases your rate of health regeneration.
 G - a +1 hat (worn)
 K - a +2 cloak of poison resistance (worn)
 P - a +2 pair of gloves of strength (worn)
Jewellery
 e - an amulet of regeneration (around neck)
 g - a +4 ring of protection (left hand)
 q - a ring of resist corrosion (right hand)
 x - a ring of fire
 B - a ring of ice
 N - an amulet of the acrobat
Wands
 k - a wand of charming (5)
 t - a wand of digging (6)
 u - a wand of flame (17)
 z - a wand of quicksilver (21)
 C - a wand of mindburst (5)
 J - a wand of iceblast (4)
Scrolls
 c - a scroll of magic mapping
 f - 3 scrolls of blinking
 i - 2 scrolls of butterflies
 l - 11 scrolls of teleportation
 p - 5 scrolls of fear
 y - 4 scrolls of amnesia
 M - 2 scrolls of summoning
Potions
 a - 2 potions of cancellation
 b - a potion of magic
 d - 2 potions of flight
 h - a potion of haste
 j - 2 potions of brilliance
 o - a potion of lignification {unknown}
 r - 5 potions of invisibility
 s - a potion of resistance {unknown}
 v - 3 potions of mutation
 w - 5 potions of curing
 A - 5 potions of heal wounds
 I - a potion of might {unknown}
Miscellaneous
 H - a phantom mirror


   Skills:
 - Level 14.0 Fighting
 - Level 4.0 Dodging
 - Level 2.1 Stealth
 - Level 12.0 Spellcasting
 - Level 12.0 Transmutations
 + Level 18.0 Ice Magic
 - Level 8.0 Poison Magic


You had 15 spell levels left.
You knew the following spells:

 Your Spells              Type           Power      Damage    Failure   Level
a - Freeze                Ice            100%       1d11      0%          1
b - Frozen Ramparts       Ice            100%       1d16      0%          3
c - Ozocubu's Armour      Ice            73%        N/A       0%          3
d - Hailstorm             Conj/Ice       50%        3d11      1%          4
e - Freezing Cloud        Conj/Ice/Air   18%        6-21      3%          5
f - Olgreb's Toxic Radia  Pois           46%        N/A       1%          4
g - Ignite Poison         Fire/Tmut/Pois 40%        N/A       1%          3

Your spell library contained the following spells:

 Spells                   Type           Power      Damage    Failure   Level
 Spellforged Servitor     Conj/Summ      6%         N/A       100%        7
 Sandblast                Erth           24%        2d8       1%          1
 Wereblood                Tmut           58%        N/A       1%          2
 Mephitic Cloud           Conj/Pois/Air  23%        N/A       1%          3
 Alistair's Intoxication  Tmut/Pois      35%        N/A       2%          5
 Apportation              Tloc           24%        N/A       5%          1
 Sublimation of Blood     Necr           12%        N/A       8%          2
 Gell's Gravitas          Tloc           12%        N/A       16%         3
 Teleport Other           Tloc           12%        N/A       16%         3
 Lee's Rapid Deconstruct  Erth           6%         3d7*      34%         5
 Animate Dead             Necr           12%        N/A       45%         4
 Leda's Liquefaction      Hex/Erth       6%         N/A       45%         4
 Passage of Golubria      Tloc           12%        N/A       45%         4
 Borgnjor's Vile Clutch   Necr/Erth      6%         N/A       82%         5
 Silence                  Hex/Air        6%         N/A       82%         5
 Death Channel            Necr           6%         N/A       100%        6
 Dispersal                Tloc           6%         N/A       100%        6
 Summon Hydra             Summ           6%         N/A       100%        7
 Lehudib's Crystal Spear  Conj/Erth      6%         10d3      100%        8
 Shatter                  Erth           6%         3d9*      100%        9


Dungeon Overview and Level Annotations

Branches:
Dungeon (10/15)            Temple (1/1) D:7            Lair (5/5) D:8
 Shoals (0/4) Lair:2        Snake (0/4) Lair:2        Slime (0/5) Lair:4
    Orc (2/2) D:9             Elf (0/3) Orc:2        Bailey (visited)

Altars:
Ashenzari
Cheibriados
Dithmenos
Elyvilon
Fedhas
Gozag
Hepliaklqana
Kikubaaqudgha
Makhleb
Nemelex Xobeh
Okawaru
Qazlal
Ru
Sif Muna
Trog
Uskayaw
Vehumet
Wu Jian
Xom
Yredelemnul
Zin
The Shining One
Jiyva
Lugonu

Shops:
D:2 *   D:5 [   D:6 !

Portals:
Abyss: Lair:5

Annotations:
D:6 1 runed translucent door, 2 transporters, Crazy Yiuf; croobank's ghost, weakling OpDe
Lair:1 2 transporters, ThatPearl's ghost, novice GrMo
Orc:2 Saint Roka


Innate Abilities, Weirdness & Mutations

((You are very nimble when in or above water. (Stealth+, EV+, Speed+++)))
Your lower body shifts to a powerful aquatic tail in water.


Message History

The arrow barely misses you.
Saint Roka hits you from afar with a +3 vorpal glaive!!
The centaur looks as sick as possible!
Saint Roka looks as sick as possible!
The centaur shoots an arrow.
The arrow hits you.
The centaur shoots an arrow.
The arrow completely misses you. Saint Roka barely misses you.
Unknown command.
Casting: Olgreb's Toxic Radiance (mildly dangerous; 1% risk of failure)
Confirm with . or Enter, or press ? or * to list all spells.
You ignite the poison in your surroundings!
Saint Roka seems to burn from within!!!!
Saint Roka is severely wounded.
The centaur seems to burn from within!!!
You kill the centaur!
Vehumet accepts your kill.
You feel your power returning.
Saint Roka is poisoned.
Your toxic aura wanes.
Saint Roka closely misses you.
Your Ice Magic skill increases to level 18!
Unknown command.
Unknown command.
Unknown command.
Unknown command.
Casting: Ignite Poison (safe; 1% risk of failure)
Confirm with . or Enter, or press ? or * to list all spells.
You begin to radiate toxic energy.
Saint Roka looks even sicker.
Saint Roka hits you from afar with a +3 vorpal glaive!
Saint Roka looks even sicker.
Your toxic aura wanes.
Saint Roka barely misses you.
Unknown command.
Casting: Olgreb's Toxic Radiance (mildly dangerous; 1% risk of failure)
Confirm with . or Enter, or press ? or * to list all spells.
You begin to radiate toxic energy.
Saint Roka hits you from afar with a +3 vorpal glaive!!
* * * LOW HITPOINT WARNING * * *
Saint Roka looks as sick as possible!
Your toxic aura wanes.
Saint Roka hits you from afar with a +3 vorpal glaive!!
* * * LOW HITPOINT WARNING * * *
You die...

##.............#....[.#.......#
#..................).....#.###
##...#..................######
##....#..........).....##.#...
##......................#..)...
#........................#)#)))
#...........[..#........#)))#..
#.....#..........)........)###.
#.........)..)@[o)....#..).##..
##...................#.##.####.
#...........)..............##..
#.........................####.
##...................#....# ##
##...)...............#....#
##..)......................#
#.........[................
#.........)..............


You could see Saint Roka (unable to see you, extremely poisoned).

Vanquished Creatures
  3 hydras
  2 boulder beetles
  A catoblepas (Lair:5)
  2 two-headed ogres
  11 death yaks
  An orc high priest (Orc:2)
  3 thrashing horrors (Lair:5)
  A lindwurm (Lair:3)
  4 orc knights
  2 large abominations (Lair:5)
  An orc sorcerer (Orc:1)
  2 wolf spiders (Lair:3)
  A manticore (Lair:2)
  6 black mambas
  24 elephants
  14 cane toads
  2 smoke demons (Lair:5)
  4 rime drakes
  An unseen horror (D:10)
  A kobold demonologist (Orc:1)
  18 komodo dragons
  2 ancient zymes (Lair:5)
  6 trolls
  2 polar bears
  A hornet (shapeshifter) (Lair:5)
  A wind drake (shapeshifter) (Lair:5)
  A wind drake (Lair:2)
  Prince Ribbit (D:8)
  18 blink frogs
  9 dream sheep
  A jumping spider (shapeshifter) (Lair:5)
  46 yaks
  A spriggan (Lair:5)
  A wraith (D:10)
  5 basilisks
  3 wyverns
  A ynoxinul (Lair:5)
  Grum (D:8)
  A chaos spawn (Lair:5)
  A steam dragon (D:8)
  Menkaure (D:6)
  A warg (Orc:2)
  2 nagas (Lair:2)
  17 water moccasins
  Duvessa (D:5)
  An acid dragon (D:8)
  35 orc warriors
  A sky beast (D:4)
  2 black bears
  12 ogres
  10 small abominations (Lair:5)
  21 wolves
  7 centaurs
  2 phantoms
  14 kobold brigands
  11 bullfrogs
  2 gnoll sergeants (D:8)
  3 scorpions
  9 wights
  Dowan (D:5)
  14 killer bees (D:9)
  A howler monkey (D:7)
  4 electric eels
  3 lava snakes (Lair:1)
  A centaur zombie (D:4)
  A bullfrog zombie (D:4)
  A jelly (D:7)
  12 orc priests
  2 hounds
  12 iguanas
  A scorpion zombie (D:4)
  Ijyb (D:4)
  22 orc wizards
  2 hound skeletons (D:4)
  13 gnolls
  7 adders
  A white imp (D:5)
  2 ufetubi
  2 adder skeletons (D:4)
  4 adder zombies (D:4)
  2 worms (D:3)
  3 dart slugs
  103 orcs
  8 endoplasms
  5 giant cockroaches
  9 goblins
  5 hobgoblins
  10 jackals (D:2)
  2 quokkas
  14 ball pythons
  3 bats (D:3)
  5 frilled lizards
  19 kobolds
  A quokka skeleton (D:4)
  A quokka zombie (D:4)
  6 rats
661 creatures vanquished.

Vanquished Creatures (others)
  24 fungi
  63 plants
87 creatures vanquished.

Grand Total: 748 creatures vanquished

Notes
Turn   | Place    | Note
-------+----------+-------------------------------------------
     0 | D:1      | safid the Merfolk Ice Elementalist began the quest for the
                  | Orb.
     0 | D:1      | Reached XP level 1. HP: 13/13 MP: 3/3
   334 | D:1      | Reached XP level 2. HP: 19/20 MP: 3/5
   488 | D:1      | Reached skill level 1 in Fighting
  1194 | D:1      | Reached XP level 3. HP: 26/26 MP: 4/6
  1833 | D:2      | Reached skill level 5 in Ice Magic
  1833 | D:2      | Reached XP level 4. HP: 19/33 MP: 2/8
  1963 | D:1      | Learned a level 3 spell: Frozen Ramparts
  1967 | D:1      | Learned a level 3 spell: Ozocubu's Armour
  2623 | D:2      | Found Oskiceesk's Assorted Antiques.
  2711 | D:3      | Noticed a phantom
  2720 | D:3      | Killed a phantom
  2721 | D:3      | Reached XP level 5. HP: 34/41 MP: 9/9
  2971 | D:3      | Reached XP level 6. HP: 21/47 MP: 6/11
  3502 | D:3      | Found a faded altar of an unknown god.
  3745 | D:4      | Reached skill level 6 in Ice Magic
  3794 | D:4      | Noticed a sky beast
  3805 | D:4      | Killed a sky beast
  3806 | D:4      | Reached XP level 7. HP: 44/54 MP: 6/13
  4270 | D:4      | Noticed Ijyb
  4278 | D:4      | Killed Ijyb
  4340 | D:4      | Reached skill level 5 in Fighting
  4847 | D:5      | Entered Level 5 of the Dungeon
  4896 | D:5      | Reached skill level 7 in Ice Magic
  4983 | D:5      | Reached XP level 8. HP: 60/62 MP: 15/15
  4994 | D:5      | Noticed Duvessa
  4996 | D:5      | Noticed Dowan
  5005 | D:5      | Killed Duvessa
  5006 | D:5      | Reached skill level 5 in Spellcasting
  5008 | D:5      | Killed Dowan
  5109 | D:5      | Found Citorho's Armour Emporium.
  5310 | D:5      | Bought the +1 robe "Zepn" {Regen+ Str+4} for 232 gold
                  | pieces
  5417 | D:5      | Reached skill level 8 in Ice Magic
  5667 | D:6      | Noticed Menkaure
  5677 | D:6      | Killed Menkaure
  5756 | D:6      | Reached XP level 9. HP: 71/71 MP: 11/18
  5867 | D:6      | Found an ancient bone altar of Kikubaaqudgha.
  5971 | D:6      | Found Tani's Distillery.
  5977 | D:6      | Bought a potion of degeneration for 13 gold pieces
  6095 | D:6      | Found a runed translucent door.
  6096 | D:6      | Noticed Crazy Yiuf
  6190 | D:6      | Found a transporter.
  6191 | D:6      | Identified the +1 great mace of Honour {vamp, Str+8}
  6191 | D:6      | Noticed a two-headed ogre
  6191 | D:6      | Noticed croobank's ghost (weakling OpDe)
  6199 | D:6      | Found a transporter.
  6576 | D:7      | Learned a level 4 spell: Hailstorm
  6582 | D:7      | Learned a level 5 spell: Freezing Cloud
  6586 | D:7      | Found a flagged portal.
  6609 | Bailey   | Entered a bailey
  6639 | Bailey   | Reached skill level 9 in Ice Magic
  6754 | Bailey   | Got the Compilation of the Quarry
  6841 | Bailey   | Found an iron altar of Okawaru.
  7040 | D:7      | Found a staircase to the Ecumenical Temple.
  7046 | Temple   | Entered the Ecumenical Temple
  7082 | Temple   | Became a worshipper of Vehumet
  7434 | D:7      | Noticed a two-headed ogre
  7440 | D:7      | Killed a two-headed ogre
  7441 | D:7      | Reached XP level 10. HP: 46/82 MP: 12/21
  7595 | D:7      | Found a stormy altar of Qazlal.
  7597 | D:7      | Found a sacrificial altar of Ru.
  7597 | D:7      | Found a glowing silver altar of Zin.
  7599 | D:7      | Found a radiant altar of Vehumet.
  7599 | D:7      | Found a shimmering altar of Xom.
  7599 | D:7      | Found a shadowy altar of Dithmenos.
  7708 | D:8      | Reached skill level 10 in Ice Magic
  7732 | D:8      | Found an opulent altar of Gozag.
  7790 | D:8      | Found a staircase to the Lair.
  7846 | D:8      | Noticed Grum
  7856 | D:8      | Killed Grum
  8084 | D:8      | Noticed Prince Ribbit
  8097 | D:8      | Killed Prince Ribbit
  8197 | D:5      | Bought a +0 cloak of poison resistance for 93 gold pieces
  8564 | D:8      | Identified the +10 spear "Ubacurch" {antimagic, Stlth+}
  8632 | D:8      | Found an iron altar of Okawaru.
  8747 | D:9      | Noticed a two-headed ogre
  8756 | D:9      | Killed a two-headed ogre
  8993 | D:9      | Reached skill level 10 in Fighting
  8993 | D:9      | Reached skill level 11 in Ice Magic
  9007 | D:9      | Reached * piety under Vehumet
  9007 | D:9      | Offered knowledge of Magic Dart by Vehumet.
  9173 | D:9      | Found a staircase to the Orcish Mines.
  9228 | D:9      | Reached XP level 11. HP: 90/91 MP: 20/23
  9626 | D:9      | Found a stormy altar of Qazlal.
  9648 | D:10     | Entered Level 10 of the Dungeon
  9735 | D:10     | Found a glowing silver altar of Zin.
 10017 | D:10     | Found a sparkling altar of Nemelex Xobeh.
 10096 | D:10     | Offered knowledge of Scorch by Vehumet.
 10097 | D:10     | Reached ** piety under Vehumet
 10098 | D:10     | Reached skill level 12 in Ice Magic
 10455 | Lair:1   | Entered Level 1 of the Lair of Beasts
 10603 | Lair:1   | Reached skill level 10 in Spellcasting
 10889 | Lair:1   | Noticed a spriggan rider
 10905 | Lair:1   | Found a transporter.
 10905 | Lair:1   | Found a transporter.
 10905 | Lair:1   | Noticed ThatPearl's ghost (novice GrMo)
 10998 | Lair:1   | Reached XP level 12. HP: 84/102 MP: 19/26
 11074 | Lair:1   | Noticed a thrashing horror
 11297 | Lair:1   | Reached skill level 13 in Ice Magic
 11395 | Lair:1   | Offered knowledge of Stone Arrow by Vehumet.
 11732 | Lair:2   | Found an ornate altar of the Wu Jian Council.
 11732 | Lair:2   | Found a hide-covered altar of Uskayaw.
 11735 | Lair:2   | Noticed a boulder beetle
 11815 | Lair:2   | Killed a boulder beetle
 11838 | Lair:2   | Reached *** piety under Vehumet
 12115 | Lair:2   | Offered knowledge of Olgreb's Toxic Radiance by Vehumet.
 12123 | Lair:2   | Learned a level 4 spell: Olgreb's Toxic Radiance
 12127 | Lair:2   | Learned a level 3 spell: Ignite Poison
 12252 | Lair:2   | Reached skill level 1 in Transmutations
 12253 | Lair:2   | Reached skill level 1 in Poison Magic
 12465 | Lair:2   | Found a staircase to the Shoals.
 12536 | Lair:2   | Found a staircase to the Snake Pit.
 12816 | Lair:3   | Noticed a four-headed hydra
 12822 | Lair:3   | Reached XP level 13. HP: 111/111 MP: 21/28
 12951 | Lair:3   | Reached skill level 14 in Ice Magic
 13097 | Lair:3   | Found a glowing silver altar of Zin.
 13113 | Lair:3   | Reached **** piety under Vehumet
 13126 | Lair:3   | Identified the +7 flail of Wrongful Imprisonment {holy,
                  | Will+ rCorr}
 13317 | Lair:3   | Offered knowledge of Iskenderun's Mystic Blast by Vehumet.
 14126 | Lair:4   | Reached skill level 5 in Transmutations
 14289 | Lair:4   | Reached skill level 5 in Poison Magic
 14289 | Lair:4   | Reached ***** piety under Vehumet
 14418 | Lair:4   | Offered knowledge of Iron Shot by Vehumet.
 14867 | Lair:4   | Found a viscous altar of Jiyva.
 14867 | Lair:4   | Found a staircase to the Slime Pits.
 15177 | Lair:5   | Entered Level 5 of the Lair of Beasts
 15190 | Lair:5   | Reached skill level 15 in Ice Magic
 15190 | Lair:5   | Reached XP level 14. HP: 39/120 MP: 16/30
 16151 | Lair:5   | Reached skill level 10 in Transmutations
 16214 | Lair:5   | Reached skill level 16 in Ice Magic
 16685 | Lair:5   | Reached XP level 15. HP: 56/126 MP: 20/31
 16932 | Lair:5   | Found a corrupted altar of Lugonu.
 16932 | Lair:5   | Found a one-way gate to the infinite horrors of the Abyss.
 17283 | Lair:5   | Identified the +5 ring mail of Kleptomania {Str+4}
 17634 | Orc:1    | Entered Level 1 of the Orcish Mines
 17653 | Orc:1    | Offered knowledge of Spellforged Servitor by Vehumet.
 18123 | Orc:2    | Entered Level 2 of the Orcish Mines
 18123 | Orc:2    | Found a staircase to the Elven Halls.
 18138 | Orc:2    | Reached skill level 17 in Ice Magic
 18492 | Orc:2    | Noticed Saint Roka
 19031 | Orc:2    | Reached skill level 18 in Ice Magic
 19034 | Orc:2    | HP: 5/124 [Saint Roka/+3 vorpal glaive (33)]
 19034 | Orc:2    | Slain by Saint Roka

Illustrated notes

Levels and vault maps discovered:
D:1:      psy_arrival_conway, layout_loops_corners, nicolae_titane
D:2:      layout_basic, serial_shops, nicolae_shop_behind_doors
D:3:      layout_basic, chequers_ecumenical_altar_grove, minmay_pentomino_pile
D:4:      layout_loops_ring, serial_undead, serial_undead_d, serial_undead_d,
          serial_undead_c, serial_undead_b, serial_undead_d, serial_undead_a,
          uniq_ijyb
D:5:      layout_cave_pools, serial_shops, shop_fountains, uniq_duvessa
D:6:      layout_rooms, nicolae_kikubaaqudgha_miasma_corner,
          gammafunk_ghost_smash, serial_shops, shop, uniq_menkaure,
          uniq_crazy_yiuf_cottage
D:7:      layout_gridville, doesnt_xom_only_xom, minmay_temple_entry_hall,
          enter_bailey_2
D:8:      layout_gridville, mainiacjoe_overflow_swirl, lair_entry_dummy,
          uniq_prince_ribbit1, uniq_grum
D:9:      layout_cave_pools, mainiacjoe_overflow_alcove_4, david_orc_2
D:10:     layout_irregular_city, mainiacjoe_overflow_catch_the_wave
Temple:   bh_familiar_temple
Lair:1:   layout_cave_shapes, gammafunk_ghost_abyssal_escape,
          nicolae_lair_liquid_snakes, lemuel_fruit_fields,
          infiniplex_staircase_pool
Lair:2:   beast_lair_carwin_large_4, layout_chaotic_city,
          minmay_shoals_entry_beasts, guppyfry_snake_entry_island,
          nzn_masters_of_martial_movement
Lair:3:   layout_misc_corridors, basic_altar, nicolae_lair_run_with_the_wolves,
          grunt_megastairs_5
Lair:4:   layout_cave_pods, dpeg_slime_entry_enclosed, grunt_megastairs_2
Lair:5:   hellmonk_lair_end_abyssal_woods, layout_loops_ring,
          nicolae_lair_grazing_beasts [nicolae_sub_lair_graze_edge,
          nicolae_sub_lair_graze_edge, nicolae_sub_lair_graze_edge,
          nicolae_sub_lair_graze_edge], grunt_megastairs_4, serial_bayou_shore_a
Orc:1:    layout_diamond_mine, special_room [special_room_kobold]
Orc:2:    st_orc_rangers, layout_caves, kennysheep_orc_chapel, uniq_saint_roka

Skill      XL: |  1  2  3  4  5  6  7  8  9 10 11 12 13 14 15 |
---------------+----------------------------------------------+-----
Fighting       | 1 2 3 4 5 6 8 10 11 13 14 | 14.0
Ice Magic      | 5 6 7 8 9 11 12 13 15 16 18 | 18.0
Spellcasting   | 3 4 6 7 8 10 11 12 | 12.0
Dodging        | 4 |  4.0
Transmutations | 2 7 11 12 | 12.0
Poison Magic   | 2 6 8 |  8.0
Stealth        | |  2.1

Action                   |  1- 3 |  4- 6 |  7- 9 | 10-12 | 13-15 || total
-------------------------+-------+-------+-------+-------+-------++-------
Melee: Dagger            |    40 |    25 |       |       |       ||    65
       Punch             |     1 |     2 |       |       |       ||     3
       Quarterstaff      |       |    92 |   255 |   441 |   424 ||  1212
       Tailslap          |       |       |       |     7 |       ||     7
 Cast: Freeze            |    48 |     6 |     5 |     7 |     5 ||    71
       Frozen Ramparts   |       |     7 |    21 |    65 |    32 ||   125
       Ozocubu's Armour  |       |     3 |    12 |    43 |    46 ||   104
       Hailstorm         |       |       |       |     3 |     5 ||     8
       Freezing Cloud    |       |       |       |     3 |     1 ||     4
       Olgreb's Toxic Ra |       |       |       |     3 |   158 ||   161
       Ignite Poison     |       |       |       |       |    38 ||    38
  Use: Scroll            |       |       |     7 |    13 |     6 ||    26
       Potion            |       |       |     1 |     2 |     2 ||     5
 Stab: Sleeping          |     3 |     4 |     5 |     1 |       ||    13
       Distracted        |     1 |     2 |       |       |       ||     3
Armor: Robe              |    22 |    79 |   148 |   364 |   499 ||  1112
Dodge: Dodged            |    47 |    77 |   212 |   409 |   604 ||  1349
